3A
ALAMEDA AIRMEN @ BELLEVUE BRUINS
05/11/2022
 
TOP OF THE 1ST
Alameda Airmen batting - Pitching for Bellevue Bruins : RHP Fred Wilson
Pitching: RHP Fred Wilson
Batting: RHB Mariano Sánchez 0-0: Ground out 1-3 (Groundball, 13S)
Batting: RHB Juan García 0-0: Foul Ball, location: 2F
0-1: Foul Ball, location: 2F
0-2: Strikes out swinging
Batting: RHB Joe Phillips 0-0: Ball
1-0: Called Strike
1-1: Swinging Strike
1-2: Strikes out looking
Top of the 1st over - 0 run(s), 0 hit(s), 0 error(s), 0 left on base; Alameda 0 - Bellevue 0
BOTTOM OF THE 1ST
Bellevue Bruins batting - Pitching for Alameda Airmen : LHP Roberto Silva
Pitching: LHP Roberto Silva
Batting: RHB Jesús Vargas 0-0: Ground out 5-3 (Groundball, 56)
Batting: RHB Nelson Abbey 0-0: Foul Ball, location: 2F
0-1: Ball
1-1: Swinging Strike
1-2: Strikes out swinging
Batting: LHB Javier Sánchez 0-0: Ball
1-0: Foul Ball, location: 2F
1-1: Ground out 4-3 (Groundball, 4)
Bottom of the 1st over - 0 run(s), 0 hit(s), 0 error(s), 0 left on base; Alameda 0 - Bellevue 0
TOP OF THE 2ND
Alameda Airmen batting - Pitching for Bellevue Bruins : RHP Fred Wilson
Batting: LHB Jorge Vargas 0-0: Swinging Strike
0-1: Foul Ball, location: 2F
0-2: Strikes out swinging
Batting: RHB Ricardo Téllez 0-0: Ball
1-0: Foul Ball, location: 2F
1-1: Swinging Strike
1-2: Foul Ball, location: 2F
1-2: Ball
2-2: Fly out, F3 (Popup, 3SF)
Batting: RHB Vicente Rodríguez 0-0: Called Strike
0-1: Swinging Strike
0-2: Ball
1-2: Ball
2-2: Ball
3-2: Strikes out looking
Top of the 2nd over - 0 run(s), 0 hit(s), 0 error(s), 0 left on base; Alameda 0 - Bellevue 0
BOTTOM OF THE 2ND
Bellevue Bruins batting - Pitching for Alameda Airmen : LHP Roberto Silva
Batting: RHB Iván Vega 0-0: Swinging Strike
0-1: Ball
1-1: Swinging Strike
1-2: Ball
2-2: Ball
3-2: Fly out, F9 (Flyball, 9S)
Batting: RHB Leo Shoemaker 0-0: SINGLE (Groundball, 34)
Batting: RHB Nick Hoskins 0-0: Ball
1-0: Called Strike
Leo Shoemaker steals 2nd base
1-1: SINGLE (Flyball, 8RS)
Leo Shoemaker to third
Batting: SHB Arsenio Sameiro 0-0: Ball
Nick Hoskins steals 2nd base
1-0: Called Strike
1-1: Fly out, F8 (Flyball, 8LM)
Runner from 3rd tags up, SCORES, no throw
Batting: SHB Jesús Rodríguez 0-0: Foul Ball, location: 2F
0-1: Ball
1-1: Ball
2-1: Ball
3-1: Base on Balls
Batting: SHB Ramón García 0-0: Ball
1-0: Fly out, F8 (Popup, 4MD)
Bottom of the 2nd over - 1 run(s), 2 hit(s), 0 error(s), 2 left on base; Alameda 0 - Bellevue 1
TOP OF THE 3RD
Alameda Airmen batting - Pitching for Bellevue Bruins : RHP Fred Wilson
Batting: RHB Francisco Mejía 0-0: Called Strike
0-1: Ball
1-1: Called Strike
1-2: Ground out 5-3 (Groundball, 56)
Batting: SHB Orlando Villa 0-0: Fly out, F7 (Flyball, 7LS)
Batting: RHB Lenny Roper 0-0: Called Strike
0-1: Reached on error, E5 (Groundball, 56)
Batting: RHB Mariano Sánchez 0-0: Ball
1-0: Hit by Pitch
Lenny Roper to second
Batting: RHB Juan García 0-0: DOUBLE (Line Drive, 5D)
Lenny Roper scores
Mariano Sánchez to third
Batting: RHB Joe Phillips 0-0: Swinging Strike
0-1: Called Strike
0-2: Fly out, F6 (Popup, 6MD)
Top of the 3rd over - 1 run(s), 1 hit(s), 1 error(s), 2 left on base; Alameda 1 - Bellevue 1
BOTTOM OF THE 3RD
Bellevue Bruins batting - Pitching for Alameda Airmen : LHP Roberto Silva
Batting: RHB Jesús Vargas 0-0: Fly out, F5 (Popup, 56S)
Batting: RHB Nelson Abbey 0-0: Ground out 1-3 (Groundball, 15S)
Batting: LHB Javier Sánchez 0-0: Ball
1-0: SINGLE (Groundball, 4M)
Batting: RHB Iván Vega 0-0: Ball
1-0: Ball
2-0: Ball
3-0: Called Strike
3-1: SINGLE (Groundball, 5D)
Javier Sánchez to second
Batting: RHB Leo Shoemaker 0-0: Fly out, F6 (Popup, 6MD)
Bottom of the 3rd over - 0 run(s), 2 hit(s), 0 error(s), 2 left on base; Alameda 1 - Bellevue 1
TOP OF THE 4TH
Alameda Airmen batting - Pitching for Bellevue Bruins : RHP Fred Wilson
Batting: LHB Jorge Vargas 0-0: Swinging Strike
0-1: Swinging Strike
0-2: Ball
1-2: Strikes out looking
Batting: RHB Ricardo Téllez 0-0: Called Strike
0-1: Called Strike
0-2: Strikes out swinging
Batting: RHB Vicente Rodríguez 0-0: Ball
1-0: Swinging Strike
1-1: Called Strike
1-2: Foul Ball, location: 2F
1-2: Strikes out looking
Top of the 4th over - 0 run(s), 0 hit(s), 0 error(s), 0 left on base; Alameda 1 - Bellevue 1
BOTTOM OF THE 4TH
Bellevue Bruins batting - Pitching for Alameda Airmen : LHP Roberto Silva
Batting: RHB Nick Hoskins 0-0: Ball
1-0: Ball
2-0: Ball
3-0: Base on Balls
Batting: SHB Arsenio Sameiro 0-0: Ball
1-0: Ball
2-0: Ball
3-0: Base on Balls
Nick Hoskins to second
Batting: SHB Jesús Rodríguez 0-0: Called Strike
0-1: Grounds into double play, 6-4-3 (Groundball, 6)
Nick Hoskins to third
Batting: SHB Ramón García 0-0: Ball
1-0: SINGLE (Line Drive, 7S)
Nick Hoskins scores
Batting: RHB Jesús Vargas 0-0: Called Strike
0-1: Ball
1-1: Foul Ball, location: 2F
1-2: Foul Ball, location: 2F
1-2: Ground out 6-3 (Groundball, 56)
Bottom of the 4th over - 1 run(s), 1 hit(s), 0 error(s), 1 left on base; Alameda 1 - Bellevue 2
TOP OF THE 5TH
Alameda Airmen batting - Pitching for Bellevue Bruins : RHP Fred Wilson
Batting: RHB Francisco Mejía 0-0: Ball
1-0: Called Strike
1-1: Called Strike
1-2: Strikes out swinging
Batting: SHB Orlando Villa 0-0: Called Strike
0-1: Ball
1-1: Fly out, F5 (Popup, 25F)
Batting: RHB Lenny Roper 0-0: Called Strike
0-1: Ball
1-1: Swinging Strike
1-2: Strikes out looking
Top of the 5th over - 0 run(s), 0 hit(s), 0 error(s), 0 left on base; Alameda 1 - Bellevue 2
BOTTOM OF THE 5TH
Bellevue Bruins batting - Pitching for Alameda Airmen : LHP Roberto Silva
Batting: RHB Nelson Abbey 0-0: Ground out 1-3 (Groundball, 25)
Batting: LHB Javier Sánchez 0-0: Swinging Strike
0-1: Ball
1-1: Ball
2-1: Swinging Strike
2-2: Ball
3-2: Fly out, F8 (Line Drive, 8RM)
Batting: RHB Iván Vega 0-0: Ball
1-0: Foul Ball, location: 2F
1-1: DOUBLE (Groundball, 5L)
Batting: RHB Leo Shoemaker 0-0: Ball
Wild Pitch!
Iván Vega to third
1-0: Foul Ball, location: 2F
1-1: Ground out 4-3 (Groundball, 4)
Bottom of the 5th over - 0 run(s), 1 hit(s), 0 error(s), 1 left on base; Alameda 1 - Bellevue 2
TOP OF THE 6TH
Alameda Airmen batting - Pitching for Bellevue Bruins : RHP Fred Wilson
Batting: RHB Mariano Sánchez 0-0: Ground out 5-3 (Groundball, 56)
Batting: RHB Juan García 0-0: Foul Ball, location: 2F
0-1: Ball
1-1: Foul Ball, location: 2F
1-2: Strikes out swinging
Batting: RHB Joe Phillips 0-0: Ball
1-0: Foul Ball, location: 2F
1-1: Ball
2-1: Ball
3-1: DOUBLE (Groundball, 5D)
Batting: LHB Jorge Vargas 0-0: Ball
1-0: Ball
2-0: Ball
3-0: Called Strike
3-1: Base on Balls
Batting: RHB Ricardo Téllez 0-0: Ball
1-0: Fly out, F8 (Flyball, 8RM)
Top of the 6th over - 0 run(s), 1 hit(s), 0 error(s), 2 left on base; Alameda 1 - Bellevue 2
BOTTOM OF THE 6TH
Bellevue Bruins batting - Pitching for Alameda Airmen : LHP Roberto Silva
Batting: RHB Nick Hoskins 0-0: Ball
1-0: Ground out 6-3 (Groundball, 56)
Batting: SHB Arsenio Sameiro 0-0: Ball
1-0: Called Strike
1-1: Foul Ball, location: 2F
1-2: Strikes out swinging
Batting: SHB Jesús Rodríguez 0-0: Ball
1-0: Foul Ball, location: 2F
1-1: Called Strike
1-2: Strikes out swinging
Bottom of the 6th over - 0 run(s), 0 hit(s), 0 error(s), 0 left on base; Alameda 1 - Bellevue 2
TOP OF THE 7TH
Alameda Airmen batting - Pitching for Bellevue Bruins : RHP Fred Wilson
Batting: RHB Vicente Rodríguez 0-0: Ball
1-0: Called Strike
1-1: Foul Ball, location: 2F
1-2: Ball
2-2: Strikes out swinging
Batting: RHB Francisco Mejía 0-0: Ball
1-0: Ground out 6-3 (Groundball, 6)
Batting: SHB Orlando Villa 0-0: Called Strike
0-1: Foul Ball, location: 2F
0-2: Strikes out swinging
Top of the 7th over - 0 run(s), 0 hit(s), 0 error(s), 0 left on base; Alameda 1 - Bellevue 2
BOTTOM OF THE 7TH
Bellevue Bruins batting - Pitching for Alameda Airmen : LHP Roberto Silva
Batting: SHB Ramón García 0-0: Called Strike
0-1: Ball
1-1: Ball
2-1: Swinging Strike
2-2: Fly out, F9 (Flyball, 9M)
Batting: RHB Jesús Vargas 0-0: Called Strike
0-1: Called Strike
0-2: Ground out 5-3 (Groundball, 15S)
Batting: RHB Nelson Abbey 0-0: SINGLE (Groundball, 56D) (infield hit)
Pitching: LHP Cristo Perales
Batting: LHB Javier Sánchez 0-0: Ball
1-0: Foul Ball, location: 2F
1-1: Ball
2-1: Swinging Strike
2-2: Strikes out swinging
Bottom of the 7th over - 0 run(s), 1 hit(s), 0 error(s), 1 left on base; Alameda 1 - Bellevue 2
TOP OF THE 8TH
Alameda Airmen batting - Pitching for Bellevue Bruins : RHP Fred Wilson
Batting: RHB Lenny Roper 0-0: Called Strike
0-1: Ball
1-1: Foul Ball, location: 2F
1-2: Ball
2-2: Ball
3-2: Strikes out swinging
Batting: RHB Mariano Sánchez 0-0: Foul Ball, location: 2F
0-1: Swinging Strike
0-2: Ball
1-2: Foul Ball, location: 2F
1-2: Foul Ball, location: 2F
1-2: SINGLE (Flyball, 8LS)
Pinch Hitting: RHB Manny Rodríguez 0-0: Ball
1-0: SINGLE (Groundball, 5L)
Mariano Sánchez to second
Batting: RHB Joe Phillips 0-0: Called Strike
0-1: Foul Ball, location: 2F
0-2: Ball
1-2: Ball
2-2: Foul Ball, location: 2F
2-2: Strikes out looking
Batting: LHB Jorge Vargas 0-0: Reached on error, E5 (Groundball, 56)
Mariano Sánchez to third
Manny Rodríguez to second
Batting: RHB Ricardo Téllez 0-0: Ball
1-0: Called Strike
1-1: Foul Ball, location: 2F
1-2: Strikes out swinging
Top of the 8th over - 0 run(s), 2 hit(s), 1 error(s), 3 left on base; Alameda 1 - Bellevue 2
BOTTOM OF THE 8TH
Bellevue Bruins batting - Pitching for Alameda Airmen : LHP Cristo Perales
Now at SS: Jeffrey Jones
Batting: RHB Iván Vega 0-0: Swinging Strike
0-1: Foul Ball, location: 2F
0-2: Ball
1-2: SINGLE (Line Drive, 78S)
Pinch Hitting: RHB Jim Unknown 0-0: Called Strike
0-1: Reached on error, E5 (Groundball, 5L)
Iván Vega to second
Pinch Hitting: RHB Jim Unknown 0-0: Ball
1-0: Ball
2-0: Bunt - Flyout! F1
Batting: SHB Arsenio Sameiro 0-0: Grounds into double play, 6-4-3 (Groundball, 6M)
Bottom of the 8th over - 0 run(s), 1 hit(s), 1 error(s), 1 left on base; Alameda 1 - Bellevue 2
TOP OF THE 9TH
Alameda Airmen batting - Pitching for Bellevue Bruins : RHP Fred Wilson
Pitching: RHP Lyndon Smith
Now at 2B: Jim Unknown
Now in LF: Jim Unknown
Now in CF: Edgar González
Batting: RHB Vicente Rodríguez 0-0: Reached on error, E6 (Groundball, 56)
Pinch Hitting: LHB Fernando Gaona 0-0: Ball
1-0: Ball
2-0: Foul Ball, location: 2F
2-1: Ball
3-1: Base on Balls
Batting: SHB Orlando Villa 0-0: Bunted foul
0-1: Sac Bunt - play at first, batter OUT! 3-4
Vicente Rodríguez to third
Fernando Gaona to second
Batting: RHB Lenny Roper 0-0: Ball
1-0: Ground out 5-3 (Groundball, 5)
Batting: RHB Mariano Sánchez 0-0: Called Strike
0-1: Foul Ball, location: 2F
0-2: Ball
1-2: Strikes out looking
Top of the 9th over - 0 run(s), 0 hit(s), 1 error(s), 2 left on base; Alameda 1 - Bellevue 2
This league is powered by Out of the Park Baseball, the baseball management simulation game for PC, Mac and Linux
Friday, April 15th, 2016 - OOTP Baseball 16.9 Build 39